 Dungeon Crawl Stone Soup version 0.31-a0-978-g1e143483b6 (webtiles) character file.

Game seed: 2605811297844743529

88 ragingrage the Slasher (level 4, 0/28 HPs)
             Began as a Tengu Warper on Oct 31, 2023.
             Was an Initiate of Ashenzari.
             Slain by a kobold
             ... wielding a +0 short sword
              (4 damage)
             ... on level 4 of the Dungeon.
             The game lasted 00:03:10 (2360 turns).

ragingrage the Slasher (Tengu Warper)               Turns: 2360, Time: 00:03:11

Health: 0/28       AC:  1    Str: 11    XL:     4   Next: 53%
Magic:  8/8        EV: 11    Int: 14    God:    Ashenzari [......]
Gold:   106        SH:  0    Dex: 15    Spells: 7/7 levels left

rFire   . . .        t - +0 great sword
rCold   . . .        (shield currently unavailable)
rNeg    . . .        i - +0 ring mail of Ashenzari's Boredom {Fort, Self} (curse)
rPois   .            (helmet restricted)
rElec   .            (no cloak)
rCorr   .            (no gloves)
SInv    .            (boots unavailable)
Will    .....        (no amulet)
Stlth   +            (no ring)
HPRegen 0.24/turn    (no ring)
MPRegen 0.11/turn

%: acrobat
@: corroded
A: beak, talons 3, acrobatic
a: Renounce Religion, Curse Item, Shatter the Chains


You were on level 4 of the Dungeon.
You worshipped Ashenzari.
Ashenzari was noncommittal.
You visited 1 branch of the dungeon, and saw 4 of its levels.

You collected 106 gold pieces.

Inventory:

Hand Weapons
 a - a +0 falchion
 t - a +0 great sword (weapon)
Missiles
 d - 7 darts of dispersal (quivered)
 B - a throwing net
Armour
 h - a +0 pair of gloves
 i - the cursed +0 ring mail of Ashenzari's Boredom (worn) {Fort, Self}
   (You found it on level 1 of the Dungeon)

   It has a curse which improves the following skills: Fortitude: Armour and
   Shields.
   Introspection: Fighting and Spellcasting.
 A - a +1 pair of gloves
Talismans
 w - a flux talisman
Wands
 n - a wand of flame (26)
 q - a wand of charming (9)
Scrolls
 b - a scroll of revelation {unknown}
 c - 2 scrolls of blinking
 e - a scroll of enchant armour {unknown}
 f - 3 scrolls of fear {unknown}
 j - 4 scrolls of identify {unknown}
 k - a scroll of teleportation {unknown}
 l - 2 scrolls of fog {unknown}
 p - a scroll of torment {unknown}
 s - a scroll of immolation {unknown}
 u - 2 scrolls of enchant weapon {unknown}
 v - a scroll of summoning {unknown}
 y - a scroll of vulnerability {unknown}
Potions
 g - a potion of resistance
 m - a potion of attraction {unknown}
 o - a potion of cancellation {unknown}
 r - a potion of invisibility {unknown}
 x - a potion of brilliance {unknown}
 z - a potion of might {unknown}


   Skills:
 + Level 2.7(3.0) Fighting
 * Level 4.6 Long Blades
 - Level 1.0 Throwing
 - Level 1.1(1.3) Armour
 - Level 2.1 Dodging
 - Level 2.0(2.3) Spellcasting
 - Level 2.4 Translocations


You had 7 spell levels left.
You didn't know any spells.
Your spell library contained the following spells:

 Spells                   Type           Power      Damage    Failure   Level
 Blink                    Tloc           16%        N/A       30%         2
 Lesser Beckoning         Tloc           16%        N/A       30%         2
 Teleport Other           Tloc           8%         N/A       52%         3
 Manifold Assault         Tloc           8%         N/A       90%         4
 Vhi's Electric Charge    Tloc/Air       8%         N/A       97%         4


Dungeon Overview and Level Annotations

Branches:
Dungeon (4/15)
 Temple: D:4-7

Altars:
Ashenzari
Okawaru
Qazlal

Shops:
D:1 *   D:2 ===:


Innate Abilities, Weirdness & Mutations

You have a beak for a mouth.
You have claws for feet.
You can magically evade attacks while moving or waiting.


Message History

The jackal closely misses you.
You barely miss the jackal. Your kick misses the jackal.
The jackal bites you but does no damage.
The jackal closely misses you.
You slash the jackal!
You kill the jackal!
Ashenzari invites you to partake of a vision and a curse of beguiling and devices.
Okay, then.
Done exploring.
Done exploring.
Done exploring.
Done exploring.
(D) Dungeon
Where to? (Tab/Enter - D:3 @ (x,y), ? - help)
There is a stone staircase leading down here.
You climb downwards.
The jelly quivers.
The hobgoblin shouts!
You hear a shout!
There is a stone staircase leading up here.
There are monsters nearby!
There are monsters nearby!
There are monsters nearby!
The hobgoblin misses you.
You slash the hobgoblin!
You kill the hobgoblin!
A kobold comes into view. It is wielding a +0 short sword.
The jelly completely misses you.
You hit the jelly. The acid corrodes you!
Your hands burn!
Your kick misses the jelly. The jelly hits you.
You are splashed with acid.
You are too injured to fight recklessly!
You hit the jelly.
Your hands burn!
You claw the jelly. The jelly barely misses you. x2
You hit the jelly.
Your hands burn!
You claw the jelly, but do no damage. The jelly closely misses you.
You slice the jelly!!
You kill the jelly!
The kobold hits you with a +0 short sword.
* * * LOW HITPOINT WARNING * * *
The kobold hits you with a +0 short sword.
You die...

####### #.<...#
#..@..#
#.....K.......
#..............
##.............
##............
..............
##$....#.......
###... #......


You could see a kobold.

Vanquished Creatures
  A jelly (D:4)
  3 gnolls
  A worm (D:2)
  A dart slug (D:2)
  3 orcs (D:3)
  4 bats
  9 goblins
  5 hobgoblins
  2 jackals (D:3)
  8 kobolds
  2 quokkas
  4 ball pythons
  3 frilled lizards (D:1)
  5 rats
51 creatures vanquished.

Notes
Turn   | Place    | Note
-------+----------+-------------------------------------------
     0 | D:1      | ragingrage the Tengu Warper began the quest for the Orb.
     0 | D:1      | Reached XP level 1. HP: 12/12 MP: 4/4
    59 | D:1      | Found Veaba's General Store.
   107 | D:1      | Reached skill level 3 in Long Blades
   107 | D:1      | Reached XP level 2. HP: 17/17 MP: 6/6
   385 | D:1      | Found a faded altar of an unknown god.
   462 | D:1      | Prayed at the altar of an unknown god.
   462 | D:1      | Became a worshipper of Ashenzari the Shackled
   629 | D:2      | Found Oruehakh's Jewellery Shop.
   708 | D:2      | Reached XP level 3. HP: 22/22 MP: 7/7
   712 | D:2      | Found Vute's Jewellery Shoppe.
   838 | D:2      | Found Agann's Jewellery Shop.
   897 | D:2      | Found Iluwy's Book Boutique.
  1149 | D:2      | Reached skill level 4 in Long Blades
  1259 | D:2      | Reached XP level 4. HP: 7/27 MP: 8/8
  1707 | D:3      | Found a stormy altar of Qazlal.
  1708 | D:3      | Found an iron altar of Okawaru.
  2360 | D:4      | Slain by a kobold

Illustrated notes

Levels and vault maps discovered:
D:1:      dpeg_arrival_rhombus, layout_rooms, serial_forest,
          infiniplex_forest_join, infiniplex_forest_lined_corner,
          infiniplex_forest_corner_1, infiniplex_forest_clump_medium,
          infiniplex_forest_lined_room_, infiniplex_forest_straight_3,
          infiniplex_forest_straight_5, serial_shops, shop,
          hellmonk_ecumenical_altar_leap_of_faith
D:2:      layout_rooms, serial_shops, nicolae_shop_hallway_plus,
          nicolae_shop_tiny_real_fake_doors, shop, nicolae_shop_gaudy_bauble,
          hangedman_abyss_or_decor_stabs, nicolae_titane
D:3:      layout_loops_corners, mainiacjoe_overflow_divided_tiny,
          kennysheep_decorative_pillar
D:4:      layout_cave_pools, minitemple, minmay_temple_entry_butterflies,
          uniq_crazy_yiuf_cottage, uniq_eustachio, uniq_duvessa

Skill      XL: |  1  2  3 |
---------------+----------+-----
Long Blades    | 3 4 |  4.6
Fighting       | |  2.7
Throwing       | |  1.0
Armour         | |  1.1
Dodging        | |  2.1
Spellcasting   | |  2.0
Translocations | |  2.4

Action                     |  1- 3 |  4- 6 || total
---------------------------+-------+-------++-------
  Melee: Falchion          |    80 |     1 ||    81
         Kick              |    15 |     7 ||    22
         Peck              |     6 |     4 ||    10
         Punch             |     2 |       ||     2
         Great sword       |       |    39 ||    39
 Invoke: Curse Item        |     1 |       ||     1
    Use: Potion            |     2 |       ||     2
 Armour: Leather armour    |     8 |       ||     8
         Ring mail         |    28 |    16 ||    44
  Dodge: Dodged            |    74 |    31 ||   105

Table legend: (Time is in decaauts)
 A = Elapsed time spent in this place.
 B = Non-inter-level travel time spent in this place.
 C = Inter-level travel time spent in this place.
 D = Time resting spent in this place.
 E = Time spent auto-exploring this place.
 F = Levels seen in this place.
 G = Mean time per level.
                   A        B        C        D        E       F      G
               +--------+--------+--------+--------+--------+-----+--------+
         Total |   2389 |   2266 |    123 |    137 |   1671 |   4 |  597.2 |
       Dungeon |   2389 |   2266 |    123 |    137 |   1671 |   4 |  597.2 |
               +--------+--------+--------+--------+--------+-----+--------+

Top non-repeatable levels by time:
     D:3: 890 daAuts
     D:2: 812 daAuts
     D:1: 677 daAuts
     D:4: 8 daAuts
